 Dungeon Crawl Stone Soup version 0.22-a0-135-g6f012ad (webtiles) character file.

1733 KristoblXynda the Magician (level 8, -1/68 HPs)
             Began as a Minotaur Wizard on Feb 1, 2018.
             Was an Initiate of Ashenzari.
             Killed by divine providence
             ... invoked by an orc priest
              (14 damage)
             ... on level 7 of the Dungeon.
             The game lasted 00:14:53 (9160 turns).

KristoblXynda the Magician (Minotaur Wizard)        Turns: 9160, Time: 00:14:55

Health: -1/68      AC: 14    Str: 11    XL:     8   Next: 76%
Magic:  15/15      EV: 11    Int: 19    God:    Ashenzari [......]
Gold:   274        SH:  0    Dex: 10    Spells: 14/18 levels left

rFire    + . .     SeeInvis .   h - +5 whip of Magnificence {protect, rF+ MR- Int+2}
rCold    + . .     Gourm    .   (no shield)
rNeg     . . .     Faith    .   x - +2 leather armour {rC+}
rPois    .         Spirit   .   b - +0 hat
rElec    .         Reflect  .   a - +0 cloak
rCorr    .         Harm     .   (no gloves)
MR       .....                  t - +0 pair of boots
Stlth    +.........             (no amulet)
HPRegen  0.21/turn              (no ring)
MPRegen  0.14/turn              (no ring)

@: protection aura, drained
A: retaliatory headbutt, horns 2
a: Curse Item, Renounce Religion


You were on level 7 of the Dungeon.
You worshipped Ashenzari.
Ashenzari was noncommittal.
You were not hungry.

You visited 2 branches of the dungeon, and saw 8 of its levels.

You collected 274 gold pieces.

Inventory:

Hand Weapons
 h - the +5 whip of Magnificence (weapon) {protect, rF+ MR- Int+2}
   (You found it on level 4 of the Dungeon)

   It protects the one who uses it against injury (+AC on strike).
   It affects your intelligence (+2).
   It protects you from fire.
   It affects your resistance to hostile enchantments.
 n - a +2 dagger of draining
Armour
 a - a +0 cloak (worn)
 b - a +0 hat (worn)
 t - a +0 pair of boots (worn)
 x - a +2 leather armour of cold resistance (worn)
Wands
 w - a wand of digging (8)
Scrolls
 e - 3 scrolls of amnesia {unknown}
 f - a scroll of enchant armour {unknown}
 l - 2 scrolls of immolation {unknown}
 m - 2 scrolls of magic mapping
 q - 2 scrolls of teleportation
 r - 2 scrolls of enchant weapon {unknown}
 s - 2 scrolls of fog {unknown}
Potions
 g - 2 potions of haste
 i - a potion of brilliance {unknown}
 j - a potion of agility {unknown}
 k - 2 potions of magic
 o - a potion of mutation
 p - 2 potions of cancellation
 v - a potion of lignification
Books
 c - a book of Minor Magic

   Spells                             Type                      Level
   a - Magic Dart                     Conjuration                  1
   b - Blink                          Translocation                2
   c - Call Imp                       Summoning                    2
   d - Slow                           Hexes                        2
   e - Conjure Flame                  Conjuration/Fire             3
   f - Mephitic Cloud                 Conjuration/Poison/Air       3
Comestibles
 d - 3 rations


   Skills:
 - Level 5.0(4.9) Fighting
 + Level 1.7 Maces & Flails
 - Level 2.1 Dodging
 - Level 1.5 Stealth
 * Level 5.5(5.4) Spellcasting
 * Level 5.4 Conjurations
   Level 0.6(0.5) Summonings
   Level 0.6(0.5) Translocations


You had 14 spell levels left.
You knew the following spells:

 Your Spells              Type           Power        Failure   Level  Hunger
a - Magic Dart            Conj           ####         1%          1    None
b - Mephitic Cloud        Conj/Pois/Air  ##......     22%         3    ##.....


Dungeon Overview and Level Annotations

Branches:
Dungeon (7/15)             Temple (1/1) D:6

Altars:
Ashenzari
Dithmenos
Elyvilon
Fedhas
Hepliaklqana
Kikubaaqudgha
Nemelex Xobeh
Okawaru
Qazlal
Ru
Sif Muna
Trog
Uskayaw
Vehumet
Wu Jian
Xom
Yredelemnul
Zin
The Shining One


Innate Abilities, Weirdness & Mutations

You reflexively headbutt those who attack you in melee.
You have a pair of horns on your head.


Message History

You kill the orc!
You whack the orc!
You kill the orc!
The orc priest calls upon Beogh to heal the orc.
The orc's wounds heal themselves!
Things that are here:
an uncursed flail; an uncursed ring mail; an uncursed dagger You hit the orc priest.
The orc priest is moderately wounded.
The orc priest mumbles some strange prayers to Beogh against you.
Beogh smites you!
* * * LOW HITPOINT WARNING * * *
You closely miss the orc priest.
The orc priest is moderately wounded.
The orc priest misses you.
You whack the orc priest!
The orc priest is almost dead.
The orc priest invokes the aid of Beogh against you.
Beogh smites you!
You die...

## #..# ###..# ####
#....#######
...##o##.......###.#
###.#o#.####.........
#...@###.ooo..(......
#.###.#.####.o#..#.##
##<## #..#..# #
#.#####..#..#
#...>....#..#
#######.##..# #.# #.#
#.# .# ...


You could see an orc priest and an orc.

Vanquished Creatures
  Grinder (D:5)
  Duvessa (D:6)
  An ice beast (D:5)
  3 centaurs
  Blork the orc (D:6)
  A gnoll sergeant (D:5)
  A bullfrog (D:6)
  2 scorpions (D:6)
  A water moccasin skeleton (D:6)
  Dowan (D:6)
  A centaur zombie (D:7)
  A crimson imp (D:5)
  4 hounds (D:5)
  3 jellies
  An orc wizard (D:5)
  An orc priest (D:5)
  Crazy Yiuf (D:6)
  A bullfrog skeleton (D:6)
  3 worker ants
  A killer bee zombie (D:7)
  A hound zombie (D:6)
  A hound skeleton (D:5)
  10 adders
  4 gnolls (D:5)
  A shadow imp (D:5)
  An ooze (D:2)
  An adder skeleton (D:5)
  4 worms
  The ghost of Xenophilius the Skirmisher, a weakling TrFi (D:4)
  3 dart slugs
  3 leopard geckos
  10 orcs
  2 giant cockroaches (D:4)
  13 hobgoblins
  4 jackals
  6 kobolds
  2 quokkas
  2 ball pythons
  6 bats
  4 frilled lizards
  4 goblins
  A quokka skeleton (D:6)
  9 rats
  A fungus (D:6)
124 creatures vanquished.

Notes
Turn   | Place    | Note
-------+----------+-------------------------------------------
     0 | D:1      | KristoblXynda the Minotaur Wizard began the quest for the Orb.
     0 | D:1      | Reached XP level 1. HP: 14/14 MP: 2/2
   266 | D:1      | Reached skill level 1 in Conjurations
   899 | D:1      | Reached XP level 2. HP: 20/20 MP: 0/4
  1802 | D:2      | Reached XP level 3. HP: 19/26 MP: 0/5
  1892 | D:2      | Learned a level 3 spell: Mephitic Cloud
  2633 | D:2      | Reached XP level 4. HP: 33/33 MP: 2/7
  3366 | D:3      | Found a stormy altar of Qazlal.
  3614 | D:3      | Found a faded altar of an unknown god.
  3633 | D:3      | Reached skill level 1 in Fighting
  3692 | D:3      | Reached XP level 5. HP: 18/40 MP: 5/8
  4365 | D:4      | Got a pitted whip
  4366 | D:4      | Identified the +5 whip of Magnificence {protect, rF+ MR- Int+2} (You found it on level 4 of the Dungeon)
  4560 | D:4      | Noticed Xenophilius's ghost (weakling TrFi)
  4754 | D:4      | Killed Xenophilius's ghost
  4883 | D:5      | Entered Level 5 of the Dungeon
  5054 | D:5      | Noticed an ice beast
  5078 | D:5      | Killed an ice beast
  5078 | D:5      | Reached XP level 6. HP: 50/50 MP: 8/10
  5351 | D:5      | Found a radiant altar of Vehumet.
  5352 | D:5      | Found a hazy altar of Hepliaklqana.
  5465 | D:5      | Noticed Grinder
  5497 | D:5      | Paralysed by Grinder for 6 turns
  5506 | D:5      | Reached XP level 7. HP: 7/57 MP: 10/12
  5514 | D:5      | Killed Grinder
  7090 | D:6      | Reached XP level 8. HP: 55/66 MP: 14/14
  7194 | D:6      | Noticed Blork the orc
  7211 | D:6      | Killed Blork the orc
  7591 | D:6      | Reached skill level 5 in Spellcasting
  7625 | D:6      | Found a staircase to the Ecumenical Temple.
  7651 | Temple   | Entered the Ecumenical Temple
  7759 | Temple   | Became a worshipper of Ashenzari the Shackled
  8027 | D:6      | Reached skill level 5 in Conjurations
  8158 | D:6      | Found a white marble altar of Elyvilon.
  8204 | D:6      | Reached skill level 5 in Fighting
  8490 | D:6      | Noticed Duvessa
  8491 | D:6      | Noticed Dowan
  8513 | D:6      | Killed Dowan
  8519 | D:6      | Killed Duvessa
  8519 | D:6      | Reached skill level 1 in Maces & Flails
  8858 | D:6      | Found a runed door.
  8863 | D:6      | Noticed Crazy Yiuf
  8871 | D:6      | Killed Crazy Yiuf
  9160 | D:7      | Killed from afar by an orc priest

Vault maps used:
D:1:      scummos_arrival_forest
D:2:      kennysheep_generic_room_2
D:3:      lemuel_crystal_altar, chequers_ecumenical_altar_twisty
D:5:      gammafunk_temple_overflow_pools, first_ration, uniq_grinder
D:6:      temple_hall, basic_altar, uniq_crazy_yiuf_cottage, uniq_blork_the_orc,
          uniq_duvessa
D:7:      minmay_tree_intersection, grunt_livestock, trog_wizard
Temple:   regret_index_temple_sphere_string

Skill      XL: |  1  2  3  4  5  6  7  8 |
---------------+-------------------------+-----
Conjurations   | 1 2 3 4 5 |  5.4
Spellcasting   | 3 4 5 |  5.5
Fighting       | 1 2 3 4 5 |  5.0
Maces & Flails | 1 |  1.7
Dodging        | |  2.1
Stealth        | |  1.5
Summonings     | |  0.6
Translocations | |  0.6

Action                   |  1- 3 |  4- 6 |  7- 9 || total
-------------------------+-------+-------+-------++-------
Melee: Hand axe          |    42 |       |       ||    42
       Headbutt          |     7 |    10 |    29 ||    46
       Dagger            |    18 |    57 |       ||    75
       Whip              |       |    61 |   173 ||   234
 Cast: Magic Dart        |    39 |    52 |    10 ||   101
       Mephitic Cloud    |       |       |    17 ||    17
  Use: Scroll            |       |     6 |     5 ||    11
       Potion            |       |     4 |     3 ||     7
 Stab: Sleeping          |     2 |     3 |     4 ||     9
       Confused          |       |       |     2 ||     2
  Eat: Chunk             |     1 |    10 |     6 ||    17
       Ration            |     1 |       |     2 ||     3
Armor: Robe              |    15 |    22 |    42 ||    79
       Leather armour    |       |       |    14 ||    14
Dodge: Dodged            |    55 |    71 |   129 ||   255

Table legend:
 A = Spawn XP
 B = Non-spawn XP
 C = Spawn XP percentage of total XP
 D = Spawn monster count
 E = Non-spawn monster count
 F = Spawn count percentage of total count
 G = Total turns spent on level
                    A         B        C        D         E        F      G
               +---------+---------+-------+---------+---------+-------+---------
         Total |       0 |    2476 |   0.0 |       0 |     123 |   0.0 |  9160
               +---------+---------+-------+---------+---------+-------+---------
           D:1 |       0 |      25 |   0.0 |       0 |      16 |   0.0 |  1767
           D:2 |       0 |     109 |   0.0 |       0 |      24 |   0.0 |  1456
           D:3 |       0 |      76 |   0.0 |       0 |      20 |   0.0 |  1091
           D:4 |       0 |      23 |   0.0 |       0 |       9 |   0.0 |   569
           D:5 |       0 |    1192 |   0.0 |       0 |      31 |   0.0 |  2195
           D:6 |       0 |     965 |   0.0 |       0 |      19 |   0.0 |  1868
           D:7 |       0 |      86 |   0.0 |       0 |       4 |   0.0 |    62
               +---------+---------+-------+---------+---------+-------+---------
